Penguins vs Kings

Created - 28 octobre 2015 at 23:01

Goals
1 2 3 T
Penguins 1 0 0 1
Kings 2 1 4 7
Shots
1 2 3 T
Penguins 7 19 10 36
Kings 11 9 14 34

1st period

1. Kings , Andrei Kostitsyn 7 (Matt Duchene, Tomas Kaberle) at 1:22
2. Penguins , Steven Stamkos 5 (Bobby Ryan, Simon Gagné) at 1:34
3. Kings , Vladimir Tarasenko 4 (Matt Duchene, Maxim Afinogenov) at 12:32

Penalties :
Trevor Daley (LAK) for Slashing (Minor) at 7:53

2nd period

4. Kings , Matt Duchene 4 (Andrei Kostitsyn, Johnny Oduya) at 17:44

Penalties :
Luke Schenn (Pit) for Hooking (Minor) at 14:42, Denis Arkhipov (Pit) for High sticking (Minor) at 18:44

3rd period

5. Kings , Scottie Upshall 3 (Drew Doughty, Miroslav Satan) at 4:00
6. Kings , Lubomir Visnovsky 1 (Scottie Upshall, Boyd Devereaux) at 6:29
7. Kings , Anze Kopitar 6 (Johnny Oduya) at 7:24 (PP)
8. Kings , Andrei Kostitsyn 8 (Dion Phaneuf, Anze Kopitar) at 10:54 (PP)

Penalties :
Simon Gagné (Pit) for Tripping (Minor) at 6:33, Maxim Afinogenov (LAK) for Fighting (Major) at 7:53, Bobby Ryan (Pit) for Fighting (Major) at 7:53, Luke Schenn (Pit) for Tripping (Minor) at 10:43, Jordan Nolan (LAK) for Tripping (Minor) at 12:57, Brendan Smith (Pit) for High sticking (Double Minor) at 19:39

Goalie Stats

Brian Elliott (Pit), 22 saves from 28 shots - (0,786), L, 4-4-1, 47:24 minutes
Josh Tordjman (Pit), 5 saves from 6 shots - (0,833), 12:36 minutes
Viktor Fasth (LAK), 35 saves from 36 shots - (0,972), W, 1-4-0, 60:00 minutes

Players Stats for Penguins

Player Name              G  A  P  +/- PIM S  H  SB GA TA FO     MP     PP MP  PK MP  
------------------------------------------------------------------------------------
Bobby Ryan               0  1  1   1  5   6  3  0  0  0  0/2    19:12   2:01   0:48 
Brendan Smith            0  0  0   1  4   1  1  1  0  1  0/0    12:51   0:00   1:50 
Brent Sopel              0  0  0  -2  0   0  1  1  0  0  0/0    17:25   1:32   0:26 
Brian McGrattan          0  0  0   0  0   1  3  0  0  0  0/0     7:50   0:07   0:00 
Brooks Orpik             0  0  0  -3  0   2  1  0  1  2  0/0    27:26   1:32   1:24 
Darren Reid              0  0  0  -4  0   1  2  0  0  0  0/0    11:26   0:00   0:00 
Denis Arkhipov           0  0  0   0  2   1  1  0  0  0  1/1     8:35   0:21   0:30 
Dustin Penner            0  0  0  -1  0   1  2  0  0  1  0/0    16:05   1:55   1:13 
Ladislav Nagy            0  0  0   0  0   1  1  0  0  0  0/0     7:58   0:11   0:00 
Luke Schenn              0  0  0  -3  4   2  1  0  0  2  0/0    28:57   2:26   2:18 
Nathan Horton            0  0  0  -1  0   4  1  0  0  0  0/0    14:50   1:50   0:00 
Oleg Kvasha              0  0  0  -4  0   1  1  0  0  0  3/3    11:32   0:00   0:06 
Paul Ranger              0  0  0   1  0   1  0  0  0  2  0/0    12:06   0:00   1:12 
Ryan Kesler              0  0  0  -1  0   3  1  0  1  0  13/26  20:20   1:38   3:34 
Sean Zimmerman           0  0  0  -2  0   0  2  1  1  2  0/0    21:13   2:26   3:30 
Simon Gagné              0  1  1   1  2   2  0  1  1  0  0/1    23:21   1:52   2:58 
Steve Sullivan           0  0  0  -4  0   3  1  1  0  0  0/0    11:26   0:00   0:00 
Steven Stamkos           1  0  1   1  0   6  1  0  0  0  19/32  22:01   1:59   1:31 

Players Stats for Kings

Player Name              G  A  P  +/- PIM S  H  SB GA TA FO     MP     PP MP  PK MP  
------------------------------------------------------------------------------------
Andrei Kostitsyn         2  1  3   3  0   3  0  1  2  0  0/0    18:11   3:16   0:46 
Anze Kopitar             1  1  2   0  0   4  2  1  3  0  10/24  19:20   3:27   1:09 
Boyd Devereaux           0  1  1   2  0   0  2  0  0  0  7/15   14:44   0:00   2:04 
Dion Phaneuf             0  1  1   2  0   1  2  0  0  0  0/0    25:47   3:46   1:45 
Drew Doughty             0  1  1   2  0   1  0  0  1  0  0/0    18:49   3:46   1:45 
Dustin Byfuglien         0  0  0  -1  0   4  1  0  0  1  0/0     9:27   0:11   0:59 
Johnny Oduya             0  2  2   0  0   0  0  1  1  0  0/0    21:57   1:34   2:13 
Jordan Nolan             0  0  0  -1  2   3  3  0  0  0  2/4    12:11   3:16   0:00 
Lubomir Visnovsky        1  0  1   2  0   2  0  1  1  0  0/0    14:32   0:00   2:13 
Martin Samuelsson        0  0  0  -1  0   1  0  0  0  0  0/0     9:50   0:00   1:56 
Matt Duchene             1  2  3   3  0   2  2  0  1  0  9/17   17:32   1:53   0:00 
Maxim Afinogenov         0  1  1   0  5   2  2  1  0  0  0/1    13:58   0:11   0:00 
Milan Michalek           0  0  0   0  0   2  0  0  0  1  0/0    17:31   1:53   0:03 
Miroslav Satan           0  1  1   2  0   1  0  0  0  0  1/1    12:40   0:00   0:00 
Scottie Upshall          1  1  2   2  0   6  0  2  0  0  0/1    13:39   0:00   0:59 
Tomas Kaberle            0  1  1   2  0   0  1  1  0  0  0/0    22:02   1:34   0:00 
Trevor Daley             0  0  0   0  2   1  1  3  1  2  0/0    16:55   0:00   0:00 
Vladimir Tarasenko       1  0  1   3  0   1  0  1  0  0  0/2    16:54   1:53   0:00 

3 Stars

1 - Andrei Kostitsyn (LAK)
2 - Matt Duchene (LAK)
3 - Viktor Fasth (LAK)

Power Play

Penguins - 0 on 2 Attempt(s) - 0,00%
Kings - 2 on 6 Attempt(s) - 33,33%

Penalty Kill

Penguins - 4 on 6 Attempt(s) - 66,67% - Score 0 goal in Penalty Kill
Kings - 2 on 2 Attempt(s) - 100,00% - Score 0 goal in Penalty Kill

Team Stat

Penguins - Hits : 23 - Faceoff Wins : 36 - Blocked Shots : 5 - Penalty Minutes : 17
Kings - Hits : 16 - Faceoff Wins : 29 - Blocked Shots : 12 - Penalty Minutes : 9

Official

Referees : Watson Brad and Devorski Paul
Linesman : Brad Kovachik and Jay Sharrers

Game Notes

12:32 of 1st period - Kings goal is going for a video replay. After video review, Goal.
Josh Tordjman enters game at 7:24 of 3rd period
Maxim Afinogenov and Bobby Ryan fight to a draw at 7:53 of 3rd period

Finance

Level 1 -- Attendance: 6000 (100,00%) -- Ticket Income 390 000 $
Level 2 -- Attendance: 5000 (100,00%) -- Ticket Income 200 000 $
Level 3 -- Attendance: 1915 (95,75%) -- Ticket Income 38 300 $
Level 4 -- Attendance: 4000 (100,00%) -- Ticket Income 60 000 $
Luxury Box -- Attendance: 1000 (100,00%) -- Ticket Income 125 000 $
Game was played at the Staples Center'
Total Attendance: 17915 (99,53%)
Total Ticket Income: 813 300 $
Other Income: 121 995 $
Total Income: 935 295 $

Penguins

5 vs 5 Forward 
   Center                   Left Wing                Right Wing               Time % Phy DF OF 
 1 Steven Stamkos           Simon Gagné              Bobby Ryan               40     0   2  3  
 2 Ryan Kesler              Dustin Penner            Nathan Horton            30     0   2  3  
 3 Oleg Kvasha              Steve Sullivan           Darren Reid              20     1   3  1  
 4 Denis Arkhipov           Ladislav Nagy            Brian McGrattan          10     1   2  2  

5 vs 5 Defense 
   Defense                  Defense                                           Time % Phy DF OF 
 1 Brooks Orpik             Luke Schenn                                       40     0   2  3  
 2 Sean Zimmerman           Brent Sopel                                       30     1   2  2  
 3 Paul Ranger              Brendan Smith                                     20     1   2  2  
 4 Brooks Orpik             Luke Schenn                                       10     1   2  2  

PowerPlay Forward 
   Center                   Left Wing                Right Wing               Time % Phy DF OF 
 1 Steven Stamkos           Simon Gagné              Bobby Ryan               60     0   1  4  
 2 Ryan Kesler              Dustin Penner            Nathan Horton            40     0   1  4  

PowerPlay Defense
   Defense                  Defense                                           Time % Phy DF OF 
 1 Sean Zimmerman           Luke Schenn                                       60     0   2  3  
 2 Brent Sopel              Brooks Orpik                                      40     0   2  3  

Penalty Kill 4 Players Forward 
   Center                   Wing                     Time % Phy DF OF 
 1 Ryan Kesler              Simon Gagné              60     1   4  0  
 2 Denis Arkhipov           Bobby Ryan               40     1   4  0  

Penalty Kill 4 Players Defense
   Defense                  Defense                  Time % Phy DF OF 
 1 Sean Zimmerman           Luke Schenn              60     1   4  0  
 2 Brooks Orpik             Brendan Smith            40     1   4  0  

Penalty Kill - 3 Players Forward 
   Forward                                           Time % Phy DF OF 
 1 Ryan Kesler                                       60     1   4  0  
 2 Simon Gagné                                       40     1   4  0  

Penalty Kill - 3 Players Defense
   Defense                  Defense                  Time % Phy DF OF 
 1 Sean Zimmerman           Luke Schenn              60     1   4  0  
 2 Brooks Orpik             Brendan Smith            40     1   4  0  

4 vs 4 Forward 
   Center                   Wing                     Time % Phy DF OF 
 1 Steven Stamkos           Bobby Ryan               60     0   2  3  
 2 Ryan Kesler              Simon Gagné              40     0   2  3  

4 vs 4 Defense
   Defense                  Defense                  Time % Phy DF OF 
 1 Brooks Orpik             Luke Schenn              60     1   2  2  
 2 Brent Sopel              Sean Zimmerman           40     1   2  2  

Last Minutes Offensive
   Center                   Left Wing                Right Wing               Defense                  Defense                  
   Steven Stamkos           Simon Gagné              Bobby Ryan               Brooks Orpik             Sean Zimmerman           

Last Minutes Defensive
   Center                   Left Wing                Right Wing               Defense                  Defense                  
   Ryan Kesler              Simon Gagné              Nathan Horton            Brooks Orpik             Sean Zimmerman           

Goaltenders
Starting : Brian Elliott            
Backup : Josh Tordjman            

Extra Forwards
Normal : Ryan Kesler, Steven Stamkos, Bobby Ryan - PP : Ryan Kesler, Steven Stamkos - PK : Steven Stamkos
Extra Defensemen
Normal : Brendan Smith, Luke Schenn, Sean Zimmerman - PP : Brendan Smith - PK : Paul Ranger, Brent Sopel
Penalty Shots
Steven Stamkos, Simon Gagné, Nathan Horton, Bobby Ryan, Ryan Kesler

Kings

5 vs 5 Forward 
   Center                   Left Wing                Right Wing               Time % Phy DF OF 
 1 Anze Kopitar             Milan Michalek           Maxim Afinogenov         30     1   1  3  
 2 Matt Duchene             Andrei Kostitsyn         Vladimir Tarasenko       30     0   3  2  
 3 Boyd Devereaux           Scottie Upshall          Miroslav Satan           25     0   3  2  
 4 Jordan Nolan             Martin Samuelsson        Dustin Byfuglien         15     2   2  1  

5 vs 5 Defense 
   Defense                  Defense                                           Time % Phy DF OF 
 1 Dion Phaneuf             Tomas Kaberle                                     40     1   3  1  
 2 Johnny Oduya             Trevor Daley                                      35     1   3  1  
 3 Drew Doughty             Lubomir Visnovsky                                 25     1   3  1  
 4 Dion Phaneuf             Drew Doughty                                      0      1   3  1  

PowerPlay Forward 
   Center                   Left Wing                Right Wing               Time % Phy DF OF 
 1 Anze Kopitar             Andrei Kostitsyn         Jordan Nolan             60     1   1  3  
 2 Matt Duchene             Milan Michalek           Vladimir Tarasenko       40     0   2  3  

PowerPlay Defense
   Defense                  Defense                                           Time % Phy DF OF 
 1 Drew Doughty             Dion Phaneuf                                      60     0   2  3  
 2 Johnny Oduya             Tomas Kaberle                                     40     0   3  2  

Penalty Kill 4 Players Forward 
   Center                   Wing                     Time % Phy DF OF 
 1 Boyd Devereaux           Martin Samuelsson        60     0   4  1  
 2 Dustin Byfuglien         Scottie Upshall          40     0   4  1  

Penalty Kill 4 Players Defense
   Defense                  Defense                  Time % Phy DF OF 
 1 Lubomir Visnovsky        Johnny Oduya             60     1   4  0  
 2 Dion Phaneuf             Drew Doughty             40     1   4  0  

Penalty Kill - 3 Players Forward 
   Forward                                           Time % Phy DF OF 
 1 Boyd Devereaux                                    60     0   4  1  
 2 Dustin Byfuglien                                  40     0   4  1  

Penalty Kill - 3 Players Defense
   Defense                  Defense                  Time % Phy DF OF 
 1 Lubomir Visnovsky        Johnny Oduya             60     1   4  0  
 2 Drew Doughty             Dion Phaneuf             40     1   4  0  

4 vs 4 Forward 
   Center                   Wing                     Time % Phy DF OF 
 1 Anze Kopitar             Maxim Afinogenov         60     1   2  2  
 2 Matt Duchene             Andrei Kostitsyn         40     1   2  2  

4 vs 4 Defense
   Defense                  Defense                  Time % Phy DF OF 
 1 Dion Phaneuf             Drew Doughty             60     1   2  2  
 2 Johnny Oduya             Trevor Daley             40     1   2  2  

Last Minutes Offensive
   Center                   Left Wing                Right Wing               Defense                  Defense                  
   Anze Kopitar             Andrei Kostitsyn         Maxim Afinogenov         Drew Doughty             Johnny Oduya             

Last Minutes Defensive
   Center                   Left Wing                Right Wing               Defense                  Defense                  
   Boyd Devereaux           Martin Samuelsson        Dustin Byfuglien         Lubomir Visnovsky        Johnny Oduya             

Goaltenders
Starting : Viktor Fasth             
Backup : Jean-Sébastien Giguère   

Extra Forwards
Normal : Jordan Nolan, Matt Duchene, Dustin Byfuglien - PP : Milan Michalek, Dustin Byfuglien - PK : Anze Kopitar
Extra Defensemen
Normal : Drew Doughty, Dion Phaneuf, Johnny Oduya - PP : Trevor Daley - PK : Trevor Daley, Tomas Kaberle
Penalty Shots
Anze Kopitar, Vladimir Tarasenko, Milan Michalek, Andrei Kostitsyn, Maxim Afinogenov

% Time on Ice - Penguins

Lines # - Real PCT - Wanted PCT - Time Play
Normal Forward
1 - 37% - 40% - 18:33
2 - 26% - 30% - 13:00
3 - 23% - 20% - 11:26
4 - 15% - 10% - 7:43
Normal Defense
1 - 40% - 40% - 20:28
2 - 30% - 30% - 15:10
3 - 21% - 20% - 10:54
4 - 8% - 10% - 4:10
PP Forward
1 - 54% - 60% - 2:08
2 - 46% - 40% - 1:50
PP Defense
1 - 61% - 60% - 2:26
2 - 39% - 40% - 1:32
PK Forward
1 - 85% - 60% - 4:32
2 - 15% - 40% - 0:48
PK Defense
1 - 74% - 60% - 3:56
2 - 26% - 40% - 1:24
PK3 Forward
1 - 0% - 60%
2 - 0% - 40%
PK3 Defense
1 - 0% - 60%
2 - 0% - 40%
44 Forward
1 - 0% - 60%
2 - 0% - 40%
44 Defense
1 - 0% - 60%
2 - 0% - 40%
Last Minute Offensive  - 0:00
Last Minute Defensive  - 0:00
Total
Forward - 60:00
Defense - 60:00

% Time on Ice - Kings

Lines # - Real PCT - Wanted PCT - Time Play
Normal Forward
1 - 30% - 30% - 15:07
2 - 30% - 30% - 15:01
3 - 25% - 25% - 12:40
4 - 16% - 15% - 7:54
Normal Defense
1 - 41% - 40% - 21:02
2 - 33% - 35% - 16:55
3 - 23% - 25% - 11:26
4 - 3% - 0% - 1:19
PP Forward
1 - 65% - 60% - 3:27
2 - 35% - 40% - 1:53
PP Defense
1 - 71% - 60% - 3:46
2 - 29% - 40% - 1:34
PK Forward
1 - 75% - 60% - 2:59
2 - 25% - 40% - 0:59
PK Defense
1 - 56% - 60% - 2:13
2 - 44% - 40% - 1:45
PK3 Forward
1 - 0% - 60%
2 - 0% - 40%
PK3 Defense
1 - 0% - 60%
2 - 0% - 40%
44 Forward
1 - 0% - 60%
2 - 0% - 40%
44 Defense
1 - 0% - 60%
2 - 0% - 40%
Last Minute Offensive  - 0:00
Last Minute Defensive  - 0:00
Total
Forward - 60:00
Defense - 60:00

Play by Play

1st period


0:01 of 1st period - Steven Stamkos wins face-off versus Anze Kopitar in neutral zone.
1:15 of 1st period - Steve Sullivan is hit by Matt Duchene and loses puck.
1:22 of 1st period - Wrist shot by Andrei Kostitsyn.
1:22 of 1st period - Goal by Andrei Kostitsyn - Penguins : 0 - Kings : 1.
1:23 of 1st period - Steven Stamkos wins face-off versus Jordan Nolan in neutral zone.
1:34 of 1st period - Snap shot by Steven Stamkos.
1:34 of 1st period - Goal by Steven Stamkos - Penguins : 1 - Kings : 1.
1:35 of 1st period - Matt Duchene wins face-off versus Ryan Kesler in neutral zone.
2:01 of 1st period - Nathan Horton is hit by Jordan Nolan and loses puck.
2:50 of 1st period - Icing by Maxim Afinogenov.
2:51 of 1st period - Anze Kopitar wins face-off versus Steven Stamkos in Kings zone.
3:02 of 1st period - Snap shot by Maxim Afinogenov.
3:02 of 1st period - Stopped by Brian Elliott without a rebound.
3:03 of 1st period - Oleg Kvasha wins face-off versus Matt Duchene in Penguins zone.
3:28 of 1st period - Milan Michalek is hit by Steven Stamkos.
3:59 of 1st period - Snap shot by Martin Samuelsson.
3:59 of 1st period - Stopped by Brian Elliott with a rebound.
4:52 of 1st period - Snap shot by Anze Kopitar.
4:52 of 1st period - Stopped by Brian Elliott with a rebound.
4:54 of 1st period - Slapshot by Maxim Afinogenov.
4:54 of 1st period - Shot Misses the Net.
4:56 of 1st period - Wrist shot by Milan Michalek.
4:56 of 1st period - Stopped by Brian Elliott without a rebound.
4:57 of 1st period - Anze Kopitar wins face-off versus Steven Stamkos in Penguins zone.
5:20 of 1st period - Snap shot by Bobby Ryan.
5:20 of 1st period - Shot Misses the Net.
5:44 of 1st period - Johnny Oduya is hit by Darren Reid and loses puck.
6:20 of 1st period - Wrist shot by Anze Kopitar.
6:20 of 1st period - Shot Misses the Net.
6:22 of 1st period - Wrist shot by Milan Michalek.
6:22 of 1st period - Stopped by Brian Elliott without a rebound.
6:23 of 1st period - Matt Duchene wins face-off versus Ryan Kesler in Penguins zone.
6:36 of 1st period - Wrist shot by Matt Duchene.
6:36 of 1st period - Shot Misses the Net.
7:34 of 1st period - Snap shot by Jordan Nolan.
7:34 of 1st period - Shot Blocked by Brendan Smith.
7:36 of 1st period - Slapshot by Trevor Daley.
7:36 of 1st period - Stopped by Brian Elliott without a rebound.
7:37 of 1st period - Jordan Nolan wins face-off versus Ryan Kesler in Penguins zone.
7:38 of 1st period - Snap shot by Dustin Byfuglien.
7:38 of 1st period - Shot Misses the Net.
7:53 of 1st period - Minor Penalty to Trevor Daley for Slashing.
7:54 of 1st period - Boyd Devereaux wins face-off versus Steven Stamkos in Kings zone.
8:34 of 1st period - Slapshot by Scottie Upshall.
8:34 of 1st period - Stopped by Brian Elliott without a rebound.
8:35 of 1st period - Ryan Kesler wins face-off versus Boyd Devereaux in Penguins zone.
9:48 of 1st period - Simon Gagné is hit by Dion Phaneuf and loses puck.
9:53 of 1st period - Penalty to Trevor Daley is over, Trevor Daley is back on ice.
10:10 of 1st period - Wrist shot by Steve Sullivan.
10:10 of 1st period - Shot Misses the Net.
10:26 of 1st period - Maxim Afinogenov is hit by Brian McGrattan and loses puck.
10:43 of 1st period - Tomas Kaberle is hit by Nathan Horton and loses puck.
11:02 of 1st period - Drew Doughty is hit by Luke Schenn and loses puck.
11:35 of 1st period - Slapshot by Drew Doughty.
11:35 of 1st period - Deflect By Matt Duchene.
11:35 of 1st period - Shot Misses the Net.
11:35 of 1st period - Puck is out of play.
11:36 of 1st period - Steven Stamkos wins face-off versus Boyd Devereaux in Penguins zone.
11:52 of 1st period - Slapshot by Steven Stamkos.
11:52 of 1st period - Stopped by Viktor Fasth with a rebound.
12:28 of 1st period - Slapshot by Matt Duchene.
12:28 of 1st period - Shot Blocked by Sean Zimmerman.
12:30 of 1st period - Snap shot by Vladimir Tarasenko.
12:30 of 1st period - Shot Misses the Net.
12:32 of 1st period - Slapshot by Vladimir Tarasenko.
12:32 of 1st period - Kings goal is going for a video replay.
12:32 of 1st period - The goal is good.
12:32 of 1st period - Goal by Vladimir Tarasenko - Penguins : 1 - Kings : 2.
12:33 of 1st period - Steven Stamkos wins face-off versus Matt Duchene in neutral zone.
13:08 of 1st period - Boyd Devereaux is hit by Dustin Penner and loses puck.
13:56 of 1st period - Backhand shot by Dustin Byfuglien.
13:56 of 1st period - Stopped by Brian Elliott with a rebound.
13:58 of 1st period - Snap shot by Dustin Byfuglien.
13:58 of 1st period - Stopped by Brian Elliott without a rebound.
13:59 of 1st period - Steven Stamkos wins face-off versus Matt Duchene in Penguins zone.
14:25 of 1st period - Tomas Kaberle is hit by Dustin Penner and loses puck.
14:48 of 1st period - Wrist shot by Steve Sullivan.
14:48 of 1st period - Shot Misses the Net.
14:50 of 1st period - Slapshot by Sean Zimmerman.
14:50 of 1st period - Shot Blocked by Johnny Oduya.
14:52 of 1st period - Snap shot by Oleg Kvasha.
14:52 of 1st period - Stopped by Viktor Fasth without a rebound.
14:53 of 1st period - Steven Stamkos wins face-off versus Vladimir Tarasenko in Kings zone.
14:54 of 1st period - Backhand shot by Simon Gagné.
14:54 of 1st period - Deflect By Bobby Ryan.
14:54 of 1st period - Shot Blocked by Trevor Daley.
14:54 of 1st period - Puck is out of play.
14:55 of 1st period - Matt Duchene wins face-off versus Steven Stamkos in Kings zone.
15:08 of 1st period - Slapshot by Andrei Kostitsyn.
15:08 of 1st period - Shot Misses the Net.
15:10 of 1st period - Snap shot by Trevor Daley.
15:10 of 1st period - Shot Blocked by Simon Gagné.
15:30 of 1st period - Wrist shot by Nathan Horton.
15:30 of 1st period - Stopped by Viktor Fasth with a rebound.
15:44 of 1st period - Luke Schenn is hit by Maxim Afinogenov and loses puck.
15:53 of 1st period - Milan Michalek is hit by Darren Reid and loses puck.
16:04 of 1st period - Ladislav Nagy is hit by Jordan Nolan and loses puck.
17:00 of 1st period - Wrist shot by Nathan Horton.
17:00 of 1st period - Shot Blocked by Trevor Daley.
17:02 of 1st period - Backhand shot by Nathan Horton.
17:02 of 1st period - Stopped by Viktor Fasth with a rebound.
17:04 of 1st period - Slapshot by Ryan Kesler.
17:04 of 1st period - Shot Blocked by Scottie Upshall.
17:56 of 1st period - Snap shot by Simon Gagné.
17:56 of 1st period - Stopped by Viktor Fasth with a rebound.
18:15 of 1st period - Brooks Orpik is hit by Matt Duchene and loses puck.
18:32 of 1st period - Slapshot by Darren Reid.
18:32 of 1st period - Shot Blocked by Maxim Afinogenov.
18:34 of 1st period - Snap shot by Darren Reid.
18:34 of 1st period - Stopped by Viktor Fasth without a rebound.
18:35 of 1st period - Oleg Kvasha wins face-off versus Boyd Devereaux in Kings zone.
18:36 of 1st period - Slapshot by Steve Sullivan.
18:36 of 1st period - Shot Misses the Net.
18:44 of 1st period - Wrist shot by Scottie Upshall.
18:44 of 1st period - Shot Misses the Net.
18:52 of 1st period - Oleg Kvasha is hit by Tomas Kaberle and loses puck.
19:31 of 1st period - Lubomir Visnovsky is hit by Brian McGrattan and loses puck.
19:48 of 1st period - Wrist shot by Bobby Ryan.
19:48 of 1st period - Shot Misses the Net.
Goals for this period are 1 for Penguins vs 2 for Kings.
Shots for this period are 7 for Penguins vs 11 for Kings.

2nd period


0:01 of 2nd period - Matt Duchene wins face-off versus Steven Stamkos in neutral zone.
0:33 of 2nd period - Snap shot by Ryan Kesler.
0:33 of 2nd period - Stopped by Viktor Fasth with a rebound.
0:35 of 2nd period - Slapshot by Brent Sopel.
0:35 of 2nd period - Deflect By Nathan Horton.
0:35 of 2nd period - Stopped by Viktor Fasth with a rebound.
0:37 of 2nd period - Backhand shot by Ryan Kesler.
0:37 of 2nd period - Deflect By Dustin Penner.
0:37 of 2nd period - Shot Misses the Net.
0:37 of 2nd period - Puck is out of play.
0:38 of 2nd period - Miroslav Satan wins face-off versus Steven Stamkos in Kings zone.
0:52 of 2nd period - Slapshot by Bobby Ryan.
0:52 of 2nd period - Shot Misses the Net.
1:40 of 2nd period - Andrei Kostitsyn is hit by Sean Zimmerman and loses puck.
2:43 of 2nd period - Slapshot by Dion Phaneuf.
2:43 of 2nd period - Stopped by Brian Elliott without a rebound.
2:44 of 2nd period - Steven Stamkos wins face-off versus Anze Kopitar in Penguins zone.
3:00 of 2nd period - Off-side.
3:01 of 2nd period - Ryan Kesler wins face-off versus Boyd Devereaux in neutral zone.
3:03 of 2nd period - Off-side.
3:04 of 2nd period - Ryan Kesler wins face-off versus Scottie Upshall in neutral zone.
3:09 of 2nd period - Slapshot by Luke Schenn.
3:09 of 2nd period - Stopped by Viktor Fasth without a rebound.
3:10 of 2nd period - Boyd Devereaux wins face-off versus Ryan Kesler in Kings zone.
3:25 of 2nd period - Wrist shot by Miroslav Satan.
3:25 of 2nd period - Shot Misses the Net.
3:47 of 2nd period - Slapshot by Ryan Kesler.
3:47 of 2nd period - Shot Blocked by Trevor Daley.
3:49 of 2nd period - Snap shot by Ryan Kesler.
3:49 of 2nd period - Deflect By Scottie Upshall.
3:49 of 2nd period - Stopped by Viktor Fasth with a rebound.
3:51 of 2nd period - Slapshot by Luke Schenn.
3:51 of 2nd period - Deflect By Scottie Upshall.
3:51 of 2nd period - Stopped by Viktor Fasth without a rebound.
3:52 of 2nd period - Steven Stamkos wins face-off versus Anze Kopitar in Kings zone.
4:07 of 2nd period - Wrist shot by Maxim Afinogenov.
4:07 of 2nd period - Stopped by Brian Elliott with a rebound.
4:09 of 2nd period - Slapshot by Lubomir Visnovsky.
4:09 of 2nd period - Stopped by Brian Elliott with a rebound.
4:19 of 2nd period - Steve Sullivan is hit by Dustin Byfuglien and loses puck.
4:45 of 2nd period - Snap shot by Brian McGrattan.
4:45 of 2nd period - Stopped by Viktor Fasth with a rebound.
4:47 of 2nd period - Slapshot by Brent Sopel.
4:47 of 2nd period - Shot Blocked by Tomas Kaberle.
4:49 of 2nd period - Wrist shot by Denis Arkhipov.
4:49 of 2nd period - Stopped by Viktor Fasth with a rebound.
4:59 of 2nd period - Ryan Kesler is hit by Boyd Devereaux and loses puck.
5:14 of 2nd period - Slapshot by Steven Stamkos.
5:14 of 2nd period - Shot Misses the Net.
5:44 of 2nd period - Slapshot by Darren Reid.
5:44 of 2nd period - Deflect By Steve Sullivan.
5:44 of 2nd period - Stopped by Viktor Fasth without a rebound.
5:45 of 2nd period - Boyd Devereaux wins face-off versus Ryan Kesler in Kings zone.
5:47 of 2nd period - Icing by Miroslav Satan.
5:48 of 2nd period - Ryan Kesler wins face-off versus Boyd Devereaux in Kings zone.
5:49 of 2nd period - Snap shot by Dustin Penner.
5:49 of 2nd period - Stopped by Viktor Fasth with a rebound.
6:01 of 2nd period - Snap shot by Ryan Kesler.
6:01 of 2nd period - Stopped by Viktor Fasth without a rebound.
6:02 of 2nd period - Steven Stamkos wins face-off versus Anze Kopitar in Kings zone.
6:55 of 2nd period - Snap shot by Steve Sullivan.
6:55 of 2nd period - Stopped by Viktor Fasth with a rebound.
7:19 of 2nd period - Snap shot by Jordan Nolan.
7:19 of 2nd period - Stopped by Brian Elliott without a rebound.
7:20 of 2nd period - Steven Stamkos wins face-off versus Anze Kopitar in Penguins zone.
7:37 of 2nd period - Wrist shot by Steven Stamkos.
7:37 of 2nd period - Stopped by Viktor Fasth without a rebound.
7:38 of 2nd period - Boyd Devereaux wins face-off versus Ryan Kesler in Kings zone.
8:44 of 2nd period - Slapshot by Brooks Orpik.
8:44 of 2nd period - Stopped by Viktor Fasth with a rebound.
8:54 of 2nd period - Wrist shot by Ladislav Nagy.
8:54 of 2nd period - Stopped by Viktor Fasth without a rebound.
8:55 of 2nd period - Anze Kopitar wins face-off versus Steven Stamkos in Kings zone.
9:00 of 2nd period - Steven Stamkos is hit by Maxim Afinogenov and loses puck.
9:09 of 2nd period - Wrist shot by Steven Stamkos.
9:09 of 2nd period - Shot Misses the Net.
9:55 of 2nd period - Wrist shot by Anze Kopitar.
9:55 of 2nd period - Stopped by Brian Elliott without a rebound.
9:56 of 2nd period - Boyd Devereaux wins face-off versus Steven Stamkos in Penguins zone.
10:01 of 2nd period - Wrist shot by Scottie Upshall.
10:01 of 2nd period - Stopped by Brian Elliott with a rebound.
11:09 of 2nd period - Ladislav Nagy is hit by Boyd Devereaux and loses puck.
11:20 of 2nd period - Slapshot by Luke Schenn.
11:20 of 2nd period - Shot Misses the Net.
11:22 of 2nd period - Wrist shot by Simon Gagné.
11:22 of 2nd period - Shot Blocked by Andrei Kostitsyn.
11:24 of 2nd period - Snap shot by Bobby Ryan.
11:24 of 2nd period - Deflect By Steven Stamkos.
11:24 of 2nd period - Stopped by Viktor Fasth without a rebound.
11:25 of 2nd period - Anze Kopitar wins face-off versus Bobby Ryan in Kings zone.
11:51 of 2nd period - Andrei Kostitsyn is hit by Ryan Kesler and loses puck.
11:56 of 2nd period - Slapshot by Dustin Penner.
11:56 of 2nd period - Shot Blocked by Vladimir Tarasenko.
11:58 of 2nd period - Slapshot by Paul Ranger.
11:58 of 2nd period - Stopped by Viktor Fasth with a rebound.
12:38 of 2nd period - Wrist shot by Ladislav Nagy.
12:38 of 2nd period - Shot Blocked by Scottie Upshall.
13:02 of 2nd period - Icing by Brent Sopel.
13:03 of 2nd period - Steven Stamkos wins face-off versus Matt Duchene in Penguins zone.
13:12 of 2nd period - Slapshot by Steven Stamkos.
13:12 of 2nd period - Shot Misses the Net.
13:14 of 2nd period - Slapshot by Sean Zimmerman.
13:14 of 2nd period - Shot Misses the Net.
13:16 of 2nd period - Slapshot by Simon Gagné.
13:16 of 2nd period - Shot Misses the Net.
13:18 of 2nd period - Snap shot by Bobby Ryan.
13:18 of 2nd period - Stopped by Viktor Fasth without a rebound.
13:19 of 2nd period - Ryan Kesler wins face-off versus Anze Kopitar in Kings zone.
13:40 of 2nd period - Simon Gagné is hit by Dion Phaneuf and loses puck.
13:51 of 2nd period - Wrist shot by Steven Stamkos.
13:51 of 2nd period - Stopped by Viktor Fasth with a rebound.
13:53 of 2nd period - Wrist shot by Bobby Ryan.
13:53 of 2nd period - Stopped by Viktor Fasth with a rebound.
14:11 of 2nd period - Wrist shot by Scottie Upshall.
14:11 of 2nd period - Stopped by Brian Elliott without a rebound.
14:12 of 2nd period - Matt Duchene wins face-off versus Ryan Kesler in Penguins zone.
14:41 of 2nd period - Wrist shot by Bobby Ryan.
14:41 of 2nd period - Shot Misses the Net.
14:42 of 2nd period - Minor Penalty to Luke Schenn for Hooking.
14:43 of 2nd period - Ryan Kesler wins face-off versus Anze Kopitar in Penguins zone.
16:42 of 2nd period - Penalty to Luke Schenn is over, Luke Schenn is back on ice.
17:17 of 2nd period - Off-side.
17:18 of 2nd period - Steven Stamkos wins face-off versus Maxim Afinogenov in neutral zone.
17:44 of 2nd period - Slapshot by Matt Duchene.
17:44 of 2nd period - Goal by Matt Duchene - Penguins : 1 - Kings : 3.
17:45 of 2nd period - Steven Stamkos wins face-off versus Anze Kopitar in neutral zone.
17:48 of 2nd period - Tomas Kaberle is hit by Brooks Orpik and loses puck.
18:37 of 2nd period - Tomas Kaberle is hit by Denis Arkhipov.
18:44 of 2nd period - Minor Penalty to Denis Arkhipov for High sticking.
18:45 of 2nd period - Anze Kopitar wins face-off versus Ryan Kesler in Penguins zone.
18:50 of 2nd period - Snap shot by Andrei Kostitsyn.
18:50 of 2nd period - Stopped by Brian Elliott with a rebound.
Goals for this period are 0 for Penguins vs 1 for Kings.
Shots for this period are 19 for Penguins vs 9 for Kings.

3rd period


0:01 of 3rd period - Anze Kopitar wins face-off versus Ryan Kesler in neutral zone.
0:12 of 3rd period - Wrist shot by Anze Kopitar.
0:12 of 3rd period - Stopped by Brian Elliott without a rebound.
0:13 of 3rd period - Anze Kopitar wins face-off versus Ryan Kesler in Penguins zone.
0:41 of 3rd period - Slapshot by Jordan Nolan.
0:41 of 3rd period - Stopped by Brian Elliott without a rebound.
0:42 of 3rd period - Ryan Kesler wins face-off versus Vladimir Tarasenko in Penguins zone.
0:44 of 3rd period - Penalty to Denis Arkhipov is over, Denis Arkhipov is back on ice.
1:08 of 3rd period - Icing by Tomas Kaberle.
1:09 of 3rd period - Denis Arkhipov wins face-off versus Matt Duchene in Kings zone.
1:14 of 3rd period - Snap shot by Bobby Ryan.
1:14 of 3rd period - Stopped by Viktor Fasth without a rebound.
1:15 of 3rd period - Boyd Devereaux wins face-off versus Simon Gagné in Kings zone.
1:15 of 3rd period - Miroslav Satan is hit by Bobby Ryan and loses puck.
1:42 of 3rd period - Dustin Penner is hit by Anze Kopitar and loses puck.
2:55 of 3rd period - Wrist shot by Bobby Ryan.
2:55 of 3rd period - Stopped by Viktor Fasth with a rebound.
2:57 of 3rd period - Wrist shot by Bobby Ryan.
2:57 of 3rd period - Deflect By Steven Stamkos.
2:57 of 3rd period - Shot Misses the Net.
2:57 of 3rd period - Puck is out of play.
2:58 of 3rd period - Ryan Kesler wins face-off versus Anze Kopitar in Kings zone.
2:59 of 3rd period - Slapshot by Dustin Penner.
2:59 of 3rd period - Shot Blocked by Anze Kopitar.
3:01 of 3rd period - Snap shot by Nathan Horton.
3:01 of 3rd period - Stopped by Viktor Fasth with a rebound.
3:44 of 3rd period - Snap shot by Scottie Upshall.
3:44 of 3rd period - Stopped by Brian Elliott without a rebound.
3:45 of 3rd period - Oleg Kvasha wins face-off versus Boyd Devereaux in Penguins zone.
3:58 of 3rd period - Slapshot by Drew Doughty.
3:58 of 3rd period - Shot Blocked by Steve Sullivan.
4:00 of 3rd period - Wrist shot by Scottie Upshall.
4:00 of 3rd period - Goal by Scottie Upshall - Penguins : 1 - Kings : 4.
4:01 of 3rd period - Steven Stamkos wins face-off versus Anze Kopitar in neutral zone.
4:13 of 3rd period - Slapshot by Steven Stamkos.
4:13 of 3rd period - Stopped by Viktor Fasth with a rebound.
4:15 of 3rd period - Slapshot by Bobby Ryan.
4:15 of 3rd period - Deflect By Steven Stamkos.
4:15 of 3rd period - Shot Blocked by Lubomir Visnovsky.
4:15 of 3rd period - Puck is out of play.
4:16 of 3rd period - Matt Duchene wins face-off versus Ryan Kesler in Kings zone.
4:49 of 3rd period - Off-side.
4:50 of 3rd period - Steven Stamkos wins face-off versus Boyd Devereaux in neutral zone.
4:53 of 3rd period - Scottie Upshall is hit by Bobby Ryan and loses puck.
5:02 of 3rd period - Slapshot by Drew Doughty.
5:02 of 3rd period - Stopped by Brian Elliott without a rebound.
5:03 of 3rd period - Anze Kopitar wins face-off versus Steven Stamkos in Penguins zone.
5:14 of 3rd period - Snap shot by Bobby Ryan.
5:14 of 3rd period - Stopped by Viktor Fasth without a rebound.
5:15 of 3rd period - Anze Kopitar wins face-off versus Steven Stamkos in Kings zone.
5:28 of 3rd period - Snap shot by Bobby Ryan.
5:28 of 3rd period - Stopped by Viktor Fasth with a rebound.
5:30 of 3rd period - Wrist shot by Simon Gagné.
5:30 of 3rd period - Stopped by Viktor Fasth without a rebound.
5:31 of 3rd period - Matt Duchene wins face-off versus Ryan Kesler in Kings zone.
5:56 of 3rd period - Simon Gagné is hit by Trevor Daley and loses puck.
6:25 of 3rd period - Snap shot by Boyd Devereaux.
6:25 of 3rd period - Shot Misses the Net.
6:27 of 3rd period - Wrist shot by Scottie Upshall.
6:27 of 3rd period - Stopped by Brian Elliott with a rebound.
6:29 of 3rd period - Slapshot by Lubomir Visnovsky.
6:29 of 3rd period - Goal by Lubomir Visnovsky - Penguins : 1 - Kings : 5.
6:30 of 3rd period - Matt Duchene wins face-off versus Bobby Ryan in neutral zone.
6:30 of 3rd period - Drew Doughty is hit by Bobby Ryan and loses puck.
6:33 of 3rd period - Minor Penalty to Simon Gagné for Tripping.
6:34 of 3rd period - Ryan Kesler wins face-off versus Anze Kopitar in Penguins zone.
6:34 of 3rd period - Ryan Kesler is hit by Anze Kopitar.
7:24 of 3rd period - Wrist shot by Anze Kopitar.
7:24 of 3rd period - Goal by Anze Kopitar - Penguins : 1 - Kings : 6.
7:24 of 3rd period - Josh Tordjman enters game.
7:25 of 3rd period - Matt Duchene wins face-off versus Steven Stamkos in neutral zone.
7:34 of 3rd period - Backhand shot by Matt Duchene.
7:34 of 3rd period - Stopped by Josh Tordjman without a rebound.
7:35 of 3rd period - Steven Stamkos wins face-off versus Matt Duchene in Penguins zone.
7:46 of 3rd period - Slapshot by Steven Stamkos.
7:46 of 3rd period - Shot Misses the Net.
7:48 of 3rd period - Slapshot by Brooks Orpik.
7:48 of 3rd period - Stopped by Viktor Fasth without a rebound.
7:49 of 3rd period - Anze Kopitar wins face-off versus Steven Stamkos in Kings zone.
7:53 of 3rd period - Maxim Afinogenov and Bobby Ryan fight to a draw.
7:53 of 3rd period - Penalty to Maxim Afinogenov for Fighting.
7:53 of 3rd period - Penalty to Bobby Ryan for Fighting.
7:54 of 3rd period - Ryan Kesler wins face-off versus Anze Kopitar in neutral zone.
8:26 of 3rd period - Miroslav Satan is hit by Sean Zimmerman and loses puck.
9:09 of 3rd period - Ryan Kesler is hit by Jordan Nolan and loses puck.
9:24 of 3rd period - Tomas Kaberle is hit by Oleg Kvasha.
9:53 of 3rd period - Snap shot by Boyd Devereaux.
9:53 of 3rd period - Deflect By Scottie Upshall.
9:53 of 3rd period - Shot Misses the Net.
9:53 of 3rd period - Puck is out of play.
9:54 of 3rd period - Steven Stamkos wins face-off versus Jordan Nolan in Penguins zone.
10:43 of 3rd period - Minor Penalty to Luke Schenn for Tripping.
10:44 of 3rd period - Ryan Kesler wins face-off versus Anze Kopitar in Penguins zone.
10:54 of 3rd period - Wrist shot by Andrei Kostitsyn.
10:54 of 3rd period - Goal by Andrei Kostitsyn - Penguins : 1 - Kings : 7.
10:55 of 3rd period - Steven Stamkos wins face-off versus Matt Duchene in neutral zone.
11:00 of 3rd period - Slapshot by Brooks Orpik.
11:00 of 3rd period - Shot Misses the Net.
11:35 of 3rd period - Snap shot by Milan Michalek.
11:35 of 3rd period - Shot Misses the Net.
11:45 of 3rd period - Scottie Upshall is hit by Ladislav Nagy and loses puck.
12:09 of 3rd period - Wrist shot by Drew Doughty.
12:09 of 3rd period - Shot Misses the Net.
12:11 of 3rd period - Backhand shot by Drew Doughty.
12:11 of 3rd period - Shot Blocked by Brent Sopel.
12:13 of 3rd period - Slapshot by Jordan Nolan.
12:13 of 3rd period - Stopped by Josh Tordjman with a rebound.
12:15 of 3rd period - Wrist shot by Dustin Byfuglien.
12:15 of 3rd period - Stopped by Josh Tordjman without a rebound.
12:16 of 3rd period - Jordan Nolan wins face-off versus Steven Stamkos in Penguins zone.
12:25 of 3rd period - Snap shot by Dustin Byfuglien.
12:25 of 3rd period - Stopped by Josh Tordjman with a rebound.
12:48 of 3rd period - Slapshot by Brendan Smith.
12:48 of 3rd period - Deflect By Johnny Oduya.
12:48 of 3rd period - Stopped by Viktor Fasth with a rebound.
12:57 of 3rd period - Minor Penalty to Jordan Nolan for Tripping.
12:58 of 3rd period - Boyd Devereaux wins face-off versus Ryan Kesler in Kings zone.
14:57 of 3rd period - Penalty to Jordan Nolan is over, Jordan Nolan is back on ice.
15:13 of 3rd period - Vladimir Tarasenko is hit by Steve Sullivan and loses puck.
16:27 of 3rd period - Drew Doughty is hit by Brent Sopel and loses puck.
17:45 of 3rd period - Dustin Byfuglien is hit by Brian McGrattan and loses puck.
18:24 of 3rd period - Wrist shot by Scottie Upshall.
18:24 of 3rd period - Deflect By Miroslav Satan.
18:24 of 3rd period - Stopped by Josh Tordjman without a rebound.
18:25 of 3rd period - Ryan Kesler wins face-off versus Boyd Devereaux in Penguins zone.
18:55 of 3rd period - Wrist shot by Steve Sullivan.
18:55 of 3rd period - Stopped by Viktor Fasth without a rebound.
18:56 of 3rd period - Steven Stamkos wins face-off versus Matt Duchene in Kings zone.
19:21 of 3rd period - Milan Michalek is hit by Brendan Smith and loses puck.
19:39 of 3rd period - Double Minor Penalty to Brendan Smith for High sticking.
19:40 of 3rd period - Ryan Kesler wins face-off versus Anze Kopitar in Penguins zone.
Goals for this period are 0 for Penguins vs 4 for Kings.
Shots for this period are 10 for Penguins vs 14 for Kings.


Output by the SimonT Hockey Simulator (STHS) for François Prévost -- Original Page W3C XHTML 1.0 Valid
Hockey Simulator - Hockey Simulation - Hockey Manager